 Dungeon Crawl Stone Soup version 0.28.0-53-g5a82cb258f (webtiles) character file.

Game seed: 8620132781491998705

478 Descartes the Skirmisher (level 7, -5/52 HPs)
             Began as a Djinni Warper on July 22, 2022.
             Slain by an orc warrior
             ... wielding a +3 war axe
              (12 damage)
             ... on level 7 of the Dungeon on July 23, 2022.
             The game lasted 00:06:58 (5852 turns).

Descartes the Skirmisher (Djinni Warper)            Turns: 5852, Time: 00:06:58

Health: -5/52      AC:  4    Str: 12    XL:     7   Next: 33%
Gold:   145        EV: 12    Int: 14    God:
                   SH:  0    Dex: 13

rFire   + + .      SeeInvis .   k - +2 dagger (venom)
rCold   x . .      Faith    .   (no shield)
rNeg    + . .      Spirit   .   o - +2 robe {rN+}
rPois   ∞          Reflect  .   (no helmet)
rElec   .          Harm     .   (no cloak)
rCorr   .          Rampage  .   (no gloves)
Will    .....                   (boots unavailable)
Stlth   +.........              (no amulet)
HPRegen 0.17/turn               (no ring)
MPRegen 0.00/turn               (no ring)

@: flying
A: sickness immunity, fire resistance 2, cold vulnerability 1, float, innate
caster, HP casting, extra vitality 1
a: no special abilities


You were on level 7 of the Dungeon.
You visited 1 branch of the dungeon, and saw 5 of its levels.

You collected 145 gold pieces.

Inventory:

Hand Weapons
 a - a +0 falchion
 k - a +2 dagger of venom (weapon)
Missiles
 d - 5 boomerangs of dispersal (quivered)
 p - 70 stones
 q - 31 arrows
 t - 6 poisoned darts
Armour
 b - a +0 leather armour
 o - a +2 robe of positive energy (worn)
Magical Staves
 e - a staff of fire
Jewellery
 i - a +4 ring of protection
 n - a ring of fire
Scrolls
 c - 2 scrolls of blinking
 g - 3 scrolls of magic mapping {unknown}
 h - 2 scrolls of amnesia {unknown}
 j - 2 scrolls of enchant weapon {unknown}
 l - 2 scrolls of identify {unknown}
 r - a scroll of torment {unknown}
 s - a scroll of enchant armour {unknown}
Potions
 f - a potion of heal wounds {unknown}
 m - 2 potions of degeneration {unknown}
 u - a potion of brilliance {unknown}


   Skills:
 + Level 4.1 Fighting
 - Level 1.8(3.1) Short Blades
 + Level 4.0(4.2) Long Blades
 - Level 0.7 Throwing
 - Level 1.0 Armour
 - Level 2.1 Dodging
 + Level 3.9 Spellcasting


You couldn't memorise any spells.
You knew the following spells:

 Your Spells              Type           Power      Damage    Failure   Level
a - Blink                 Tloc           26%        N/A       6%          2
b - Lesser Beckoning      Tloc           13%        N/A       12%         3
c - Gell's Gravitas       Tloc           13%        N/A       12%         3
d - Teleport Other        Tloc           13%        N/A       12%         3
e - Manifold Assault      Tloc           13%        N/A       71%         5
f - Slow                  Hex            52%        N/A       3%          1
g - Passwall              Tmut/Erth      10%        N/A       6%          2
h - Vampiric Draining     Necr           13%        2d6       12%         3
Your spell library was empty.

Dungeon Overview and Level Annotations

Branches:
Dungeon (4/15)
 Temple: D:4-7

Altars:

Annotations:
D:4 2 runed translucent doors


Innate Abilities, Weirdness & Mutations

You are immune to sickness and miasma.
You are immune to poison.
Your flesh is very heat resistant. (rF++)
You are vulnerable to cold. (rC-)
You float through the air rather than walking.
You learn spells naturally, not from books.
Your magical power is your life essence.
You have superior vitality. (+4 MHP)


Message History

The orc warrior hits you with a +3 war axe.
You hit the orc warrior but do no damage.
The orc warrior looks as sick as possible!
The orc warrior is lightly wounded.
The orc warrior hits you with a +3 war axe!
You are too injured to fight recklessly!
You are too injured to fight recklessly!
You are too injured to fight recklessly!
You are too injured to fight recklessly!
You are too injured to fight recklessly!
You are too injured to fight recklessly!
You are too injured to fight recklessly!
You are too injured to fight recklessly!
You are too injured to fight recklessly!
You are too injured to fight recklessly!
You are too injured to fight recklessly!
You are too injured to fight recklessly!
You are too injured to fight recklessly!
You are too injured to fight recklessly!
You are too injured to fight recklessly!
You barely miss the orc warrior.
The orc warrior is lightly wounded.
The orc warrior completely misses you.
You hit the orc warrior but do no damage.
The orc warrior looks as sick as possible!
The orc warrior is moderately wounded.
The orc warrior hits you with a +3 war axe!
* * * LOW HITPOINT WARNING * * *
You hit the orc warrior.
The orc warrior looks as sick as possible!
The orc warrior is heavily wounded.
The orc warrior hits you with a +3 war axe!
* * * LOW HITPOINT WARNING * * *
You hit the orc warrior but do no damage.
The orc warrior looks as sick as possible!
The orc warrior is severely wounded.
You barely miss the orc warrior.
The orc warrior is severely wounded.
The orc warrior hits you with a +3 war axe!
You die...

########
#+####..).))#
.....)..###)#
.......## #@#
.#####. #o# #.
#.#
#.#...).......
#.#.##.##.####
... #.# # ...
#.. .. ### .


You could see an orc warrior (extremely poisoned).

Vanquished Creatures
  An ogre (D:2)
  A kobold brigand (D:7)
  A water moccasin skeleton (D:4)
  A centaur zombie (D:4)
  Terence (D:2)
  An iguana (D:3)
  A howler monkey zombie (D:3)
  4 gnolls (D:4)
  3 adders
  4 worms
  5 dart slugs
  5 orcs
  5 bats
  9 endoplasms
  4 giant cockroaches
  5 goblins
  7 hobgoblins
  3 jackals (D:2)
  16 kobolds
  6 quokkas
  5 ball pythons
  5 frilled lizards
  5 rats
98 creatures vanquished.

Vanquished Creatures (others)
  14 plants (D:2)
14 creatures vanquished.

Grand Total: 112 creatures vanquished

Notes
Turn   | Place    | Note
-------+----------+-------------------------------------------
     0 | D:1      | Descartes the Djinni Warper began the quest for the Orb.
     0 | D:1      | Reached XP level 1. HP: 18/18 MP: 0/0
   343 | D:1      | Reached XP level 2. HP: 15/23 MP: 0/0
  1147 | D:2      | Reached XP level 3. HP: 25/28 MP: 0/0
  1147 | D:2      | Learned a level 1 spell: Slow
  1261 | D:2      | Noticed Terence
  1678 | D:2      | Found a faded altar of an unknown god.
  2295 | D:2      | Killed Terence
  2296 | D:2      | Reached XP level 4. HP: 24/34 MP: 0/0
  3302 | D:3      | Reached XP level 5. HP: 35/40 MP: 0/0
  3302 | D:3      | Learned a level 2 spell: Passwall
  3806 | D:3      | Reached skill level 1 in Short Blades
  4035 | D:3      | Noticed an ogre
  4060 | D:2      | Killed an ogre
  4061 | D:2      | Reached XP level 6. HP: 25/46 MP: 0/0
  5450 | D:4      | Reached XP level 7. HP: 50/51 MP: 0/0
  5450 | D:4      | Learned a level 3 spell: Vampiric Draining
  5549 | D:4      | Found a large runed translucent door.
  5549 | D:4      | Found a large runed translucent door.
  5550 | D:4      | You are sucked into a shaft and drop 3 floors!
  5852 | D:7      | Slain by an orc warrior

Illustrated notes

Levels and vault maps discovered:
D:1:      minmay_arrival_split_and_join, layout_basic,
          chequers_serial_rivers_micro_e
D:2:      layout_basic, serial_glass, glass_columns_a, glass_columns_a,
          basic_ecumenical_altar, corner_web_ring, serial_bayou_lake_a,
          uniq_terence
D:3:      minmay_octagon_keep, layout_rooms, chequers_serial_rivers_room_b
D:4:      due_chaos_kobolds, layout_basic
D:7:      layout_loops_cross, minmay_temple_entry_enclosed_plants,
          ebering_ghost_reflecting_pool, kennysheep_generic_room_9

Skill      XL: |  1  2  3  4  5  6  7 |
---------------+----------------------+-----
Long Blades    | 2 3 4 |  4.0
Spellcasting   | 3 |  3.9
Fighting       | 3 4 |  4.1
Short Blades   | 1 |  1.8
Throwing       | |  0.7
Armour         | |  1.0
Dodging        | |  2.1

Action                   |  1- 3 |  4- 6 |  7- 9 || total
-------------------------+-------+-------+-------++-------
Melee: Falchion          |   101 |       |       ||   101
       Dagger            |    27 |   163 |    60 ||   250
       Punch             |       |     5 |       ||     5
 Cast: Blink             |     1 |     1 |       ||     2
 Stab: Sleeping          |       |     2 |       ||     2
Armor: Leather armour    |    29 |    11 |       ||    40
       Robe              |       |    15 |     9 ||    24
Dodge: Dodged            |    65 |    88 |    37 ||   190
